 Dungeon Crawl Stone Soup version 0.31-a0-848-gaac375c287 (webtiles) character file.

Game seed: 3943770892762756998

18443 D12ThenQuit the Nimble (level 12, 76/76 (78) HPs)
             Began as a Tengu Ice Elementalist on Oct 4, 2023.
             Was a High Priest of Dithmenos.
             Got out of the dungeon alive.
             The game lasted 00:32:50 (12427 turns).

D12ThenQuit the Nimble (Tengu Ice Elementalist)    Turns: 12427, Time: 00:32:51

HP:   76/76 (78)    AC:  9    Str: 10    XL:     12   Next: 58%
MP:   26/26         EV: 24    Int: 27    God:    Dithmenos [*****.]
Gold: 662           SH:  5    Dex: 21    Spells: 13/29 levels left

rFire   + . .        o - +7 long sword of the Morning {drain, rF+ Int+4}
rCold   + . .        (no shield)
rNeg    . . .        E - +0 steam dragon scales
rPois   .            g - +0 hat "Beolocs Agha" {Int+4}
rElec   .            x - +1 cloak
rCorr   .            N - +1 pair of gloves
SInv    +            (boots unavailable)
Will    .....        s - amulet of reflection
Stlth   +++++        n - +6 ring of dexterity
HPRegen 0.32/turn    D - ring of protection from cold
MPRegen 0.20/turn

%: reflection, acrobat
@: flying, wreathed by umbra, lightly drained
A: beak, talons 3, evasive flight, acrobatic, see invisible, deterioration 1,
wild magic 2
a: Renounce Religion, Shadow Step, Shadow Form


You escaped.
You worshipped Dithmenos.
Dithmenos was extremely pleased with you.
You visited 2 branches of the dungeon, and saw 13 of its levels.
You also visited: Ossuary.

You collected 1060 gold pieces.
You spent 398 gold pieces at shops.

Inventory:

Hand Weapons
 k - a +0 dagger of protection
 o - the +7 long sword of the Morning (weapon) {drain, rF+ Int+4}
   (You found it on level 2 of the Dungeon)

   Int+4:     It affects your intelligence (+4).
   rF+:       It protects you from fire.
Missiles
 L - 2 throwing nets
 Q - 3 curare-tipped darts (quivered)
Armour
 a - a +0 robe
 g - the +0 hat "Beolocs Agha" (worn) {Int+4}
   (You acquired it on level 7 of the Dungeon)

   Int+4:     It affects your intelligence (+4).
 h - a +0 buckler
 l - the +0 ring mail of Instinct {Rampage}
   (You found it on level 2 of the Dungeon)

   Rampage:   It bestows one free step when moving towards enemies.
 x - a +1 cloak (worn)
 E - +0 steam dragon scales (worn)
 I - a +1 hat
 N - a +1 pair of gloves (worn)
Jewellery
 e - an amulet of guardian spirit
 n - a +6 ring of dexterity (left hand)
 s - an amulet of reflection (around neck)
 D - a ring of protection from cold (right hand)
 M - a ring of protection from cold
 T - an amulet of regeneration
Wands
 B - a wand of charming (22)
 F - a wand of mindburst (4)
 O - a wand of flame (11)
 P - a wand of iceblast (2)
Scrolls
 c - a scroll of fog
 d - a scroll of silence
 m - 4 scrolls of teleportation
 p - 3 scrolls of vulnerability
 t - 2 scrolls of enchant weapon
 v - 2 scrolls of enchant armour
 y - a scroll of immolation
 z - a scroll of brand weapon
 H - 2 scrolls of amnesia
 J - 3 scrolls of noise
 K - a scroll of blinking
 R - 2 scrolls of fear
 S - a scroll of revelation {unknown}
Potions
 b - 2 potions of magic
 f - 5 potions of curing
 i - 2 potions of mutation
 j - a potion of haste {unknown}
 q - 2 potions of lignification
 r - 4 potions of attraction {unknown}
 u - 2 potions of berserk rage {unknown}
 w - 2 potions of enlightenment {unknown}
 A - 4 potions of heal wounds {unknown}
 C - 3 potions of brilliance {unknown}
 G - 3 potions of might {unknown}


   Skills:
 - Level 10.4 Fighting
 - Level 11.2 Dodging
 - Level 5.9 Stealth
 - Level 9.0 Spellcasting
 + Level 2.4 Conjurations
 - Level 5.0 Summonings
 - Level 8.5 Ice Magic
 + Level 2.4 Air Magic


You had 13 spell levels left.
You knew the following spells:

 Your Spells              Type           Power      Damage    Failure   Level
a - Freeze                Ice            100%       1d10      1%          1
b - Frozen Ramparts       Ice            100%       1d16      2%          3
c - Ozocubu's Armour      Ice            75%        N/A       2%          3
d - Summon Ice Beast      Ice/Summ       67%        N/A       9%          4
e - Freezing Cloud        Conj/Ice/Air   27%        6-21      38%         5

Your spell library contained the following spells:

 Spells                   Type           Power      Damage    Failure   Level
 Call Canine Familiar     Summ           58%        N/A       6%          3
 Cigotuvi's Dreadful Rot  Necr/Pois/Air  52%        N/A       13%         2
 Ignite Poison            Fire/Tmut/Pois 19%        N/A       28%         3
 Sigil of Binding         Hex            19%        N/A       28%         3
 Cause Fear               Hex            9%         N/A       61%         4
 Dimensional Bullseye     Hex/Tloc       9%         N/A       61%         4
 Leda's Liquefaction      Hex/Erth       9%         N/A       61%         4
 Fireball                 Conj/Fire      14%        3d8       78%         5
 Haunt                    Necr/Summ      20%        N/A       100%        7
 Borgnjor's Revivificati  Necr           9%         N/A       100%        8
 Death's Door             Necr           9%         N/A       100%        9
 Dragon's Call            Summ           29%        N/A       100%        9


Dungeon Overview and Level Annotations

Branches:
Dungeon (12/15)            Temple (1/1) D:5            Lair (0/5) D:11
    Orc (0/2) D:12        Ossuary (visited)

Altars:
Ashenzari
Cheibriados
Dithmenos
Elyvilon
Fedhas
Gozag
Hepliaklqana
Kikubaaqudgha
Makhleb
Nemelex Xobeh
Okawaru
Qazlal
Ru
Sif Muna
Trog
Uskayaw
Vehumet
Wu Jian
Xom
Yredelemnul
Zin
The Shining One

Shops:
D:3 (   D:11 ?   D:12 :


Innate Abilities, Weirdness & Mutations

You have a beak for a mouth.
You have claws for feet.
Your magical flight helps you evade attacks. (EV +4)
You can magically evade attacks while moving or waiting.
You have supernaturally acute eyesight. (SInv)
Your body sometimes deteriorates upon taking damage.
Your spells are harder to cast, but more powerful.


Message History

There is a stone staircase leading up here.
You fly upwards.
There is a stone staircase leading down here.
There is a stone staircase leading up here.
You fly upwards.
There is a stone staircase leading down here.
You see here a +0 hand axe.
There is an open door here.
Things that are here:
a +0 dagger; a +0 scale mail; a +0 flail
There is an open door here.
There is an open door here.
There is an open door here.
There is a stone staircase leading up here.
You fly upwards.
There is a stone staircase leading down here.
Things that are here:
a +0 whip; a +0 flail
There is a stone staircase leading up here.
You fly upwards.
There is a stone staircase leading down here.
There is a stone staircase leading up here.
You fly upwards.
There is a stone staircase leading down here.
There is a stone staircase leading up here.
You fly upwards.
There is a stone staircase leading down here.
There is an open door here.
There is an open door here.
There is a stone staircase leading up here.
You fly upwards.
There is a stone staircase leading down here.
There is an open door here.
There is an open door here.
There is an open door here.
You see here a +0 short sword.
You reach down and open the door.
There is an open door here.
There is a staircase leading out of the dungeon here.
You have escaped!

###.........#..#.#..............#
.....#.#########'################
######.#.................# #####
.......#.#.###########.#.####....
########.##.#.......#.##.#..>..##
#.#.#.###+###.#.#)#.....## ####
#.#.#.#.....#.#.#.#.....##
...#####.#.#.#.....#.#.#.###'##..
.....+.'.#.#.+..@..'.#.#.'.'.##..
..######.#.#.#.....#.#.#.###.##..
..# #.#.#.#.....#.#.#.# #.##..
### #.#.#.###'###.#.#.# #.#... #
#[##.#.......#.##.# #.#... #
#.#.###########.#.# #.#... # ###
#................)# #.#... ####.#
#########'###########.#... '....#
#.# #......##.#...


There were no monsters in sight!

Vanquished Creatures
  Rupert (D:12)
  A catoblepas (D:12)
  2 two-headed ogres
  Nergalle (D:12)
  2 ugly things
  A manticore (D:12)
  2 cyclopes (D:12)
  A gargoyle (D:12)
  Psyche (D:9)
  A komodo dragon (D:11)
  4 kobold demonologists (D:12)
  An efreet (D:12)
  2 trolls
  Prince Ribbit (D:7)
  8 slime creatures (D:12)
  4 wyverns
  2 shadows (D:11)
  2 wraiths (D:11)
  15 yaks (D:9)
  3 basilisks
  2 steam dragons
  A warg (D:12)
  An acid dragon (D:12)
  3 water moccasins
  3 orc warriors
  3 ice beasts
  3 ogres
  3 centaurs
  A phantom (D:5)
  3 kobold brigands
  3 bullfrogs
  A gnoll sergeant (D:11)
  2 scorpions (D:5)
  21 killer bees
  8 howler monkeys
  An electric eel (D:6)
  2 hounds
  2 jellies
  7 orc priests
  2 gnoll boudas
  3 sleepcaps (D:7)
  An iguana (D:6)
  14 orc wizards
  3 mummies (Ossuary)
  20 gnolls
  12 adders
  2 white imps (D:7)
  2 ufetubi
  2 worms (D:2)
  4 dart slugs
  44 orcs
  8 endoplasms
  5 giant cockroaches
  7 goblins
  11 hobgoblins
  8 jackals
  24 kobolds
  3 quokkas
  6 ball pythons
  9 bats
  2 frilled lizards (D:1)
  A gnoll zombie (Ossuary)
  A hobgoblin zombie (Ossuary)
  2 kobold zombies (Ossuary)
  A rat (D:1)
322 creatures vanquished.

Vanquished Creatures (collateral kills)
  5 mummies (Ossuary)
  A gnoll zombie (Ossuary)
  A hobgoblin zombie (Ossuary)
  2 orc zombies (Ossuary)
9 creatures vanquished.

Grand Total: 331 creatures vanquished

Notes
Turn   | Place    | Note
-------+----------+-------------------------------------------
     0 | D:1      | D12ThenQuit the Tengu Ice Elementalist began the quest for
                  | the Orb.
     0 | D:1      | Reached XP level 1. HP: 10/10 MP: 4/4
   125 | D:1      | Reached XP level 2. HP: 15/15 MP: 3/6
   827 | D:1      | Reached XP level 3. HP: 17/19 MP: 3/7
  1361 | D:2      | Learned a level 3 spell: Frozen Ramparts
  1434 | D:2      | Identified the +0 ring mail of Instinct {Rampage}
  1562 | D:2      | Reached skill level 5 in Ice Magic
  1590 | D:2      | Reached XP level 4. HP: 24/24 MP: 6/8
  1998 | D:2      | Identified the +7 long sword of the Morning {drain, rF+
                  | Int+4}
  2285 | D:3      | Learned a level 3 spell: Ozocubu's Armour
  2298 | D:3      | Found Vuasyni's Weapon Shop.
  2348 | D:3      | Identified the +1 chain mail of Misanthropy {Will- Int+6
                  | Slay+6}
  2580 | D:3      | Reached XP level 5. HP: 17/28 MP: 5/9
  2891 | D:4      | Gained mutation: Your body sometimes deteriorates upon
                  | taking damage. [potion of mutation]
  2891 | D:4      | Gained mutation: You have supernaturally acute eyesight.
                  | (SInv) [potion of mutation]
  2891 | D:4      | Gained mutation: Your spells are a little harder to cast,
                  | but a little more powerful. [potion of mutation]
  2891 | D:4      | Gained mutation: Your spells are harder to cast, but more
                  | powerful. [potion of mutation]
  3161 | D:4      | Reached XP level 6. HP: 32/32 MP: 7/11
  3748 | D:5      | Entered Level 5 of the Dungeon
  3939 | D:5      | Found a snail-covered altar of Cheibriados.
  4005 | D:5      | Gained mutation: Your magical flight helps you evade
                  | attacks. (EV +4) [Tengu growth]
  4005 | D:5      | Reached XP level 7. HP: 36/36 MP: 13/13
  4246 | D:5      | Found a staircase to the Ecumenical Temple.
  4261 | Temple   | Found a transporter.
  4261 | Temple   | Found a transporter.
  4261 | Temple   | Found a transporter.
  4261 | Temple   | Found a transporter.
  4261 | Temple   | Entered the Ecumenical Temple
  4291 | Temple   | Became a worshipper of Dithmenos the Shadowed
  4660 | D:6      | Reached skill level 5 in Spellcasting
  4778 | D:6      | Reached XP level 8. HP: 33/41 MP: 12/16
  4990 | D:6      | Reached * piety under Dithmenos
  5349 | D:6      | Found a sparkling altar of Nemelex Xobeh.
  5350 | D:6      | Found a sacrificial altar of Ru.
  5629 | D:6      | Learned a level 4 spell: Summon Ice Beast
  5711 | D:7      | Noticed Prince Ribbit
  5718 | D:7      | Reached skill level 1 in Fighting
  5718 | D:7      | Reached XP level 9. HP: 48/48 MP: 14/20
  5832 | D:7      | Killed Prince Ribbit
  6329 | D:7      | Reached ** piety under Dithmenos
  6330 | D:7      | Reached skill level 5 in Summonings
  6480 | D:7      | Identified a scroll of acquirement
  6483 | D:7      | Acquired the +0 hat "Beolocs Agha" {Int+4}
  6833 | D:8      | Reached skill level 5 in Fighting
  6927 | D:8      | Found a sand-covered staircase.
  6976 | Ossuary  | Entered an ossuary
  7898 | D:8      | Reached XP level 10. HP: 59/63 MP: 21/21
  8043 | D:9      | Reached *** piety under Dithmenos
  8258 | D:9      | Noticed Psyche
  8267 | D:9      | Reached skill level 3 in Dodging
  8269 | D:9      | Reached skill level 4 in Dodging
  8270 | D:9      | Killed Psyche
  8429 | D:9      | Found a white marble altar of Elyvilon.
  8475 | D:9      | Reached skill level 5 in Dodging
  8520 | D:9      | Identified the +0 robe of the Arcane {Str+3}
  8523 | D:9      | Noticed a two-headed ogre
  8549 | D:9      | Killed a two-headed ogre
  8644 | D:9      | Reached skill level 6 in Dodging
  8654 | D:9      | Reached XP level 11. HP: 41/72 MP: 19/22
  8787 | D:9      | Reached skill level 10 in Fighting
  8920 | D:9      | Reached skill level 7 in Dodging
  8921 | D:9      | Reached **** piety under Dithmenos
  9189 | D:10     | Entered Level 10 of the Dungeon
  9523 | D:10     | Found a shimmering altar of Xom.
  9829 | D:11     | Found a blossoming altar of Fedhas.
  9853 | D:11     | Noticed a two-headed ogre
  9872 | D:11     | Killed a two-headed ogre
  9873 | D:11     | Reached skill level 8 in Dodging
  9883 | D:11     | Found Duny's Magic Scroll Boutique.
  9903 | D:11     | Bought a scroll of fear for 60 gold pieces
 10210 | D:11     | Reached skill level 9 in Dodging
 10212 | D:11     | Found a staircase to the Lair.
 10687 | D:11     | Noticed a white ugly thing
 10711 | D:11     | Killed a white ugly thing
 11012 | D:12     | Reached skill level 10 in Dodging
 11119 | D:12     | Noticed a cyclops
 11126 | D:12     | Killed a cyclops
 11160 | D:12     | Noticed Rupert
 11175 | D:12     | Killed Rupert
 11176 | D:12     | Reached XP level 12. HP: 38/78 MP: 5/25
 11407 | D:12     | Found a staircase to the Orcish Mines.
 11480 | D:12     | Found Kyz Unna's Book Boutique.
 11480 | D:12     | Noticed a catoblepas
 11544 | D:12     | Reached skill level 5 in Stealth
 11673 | D:12     | Reached skill level 11 in Dodging
 11690 | D:12     | Reached ***** piety under Dithmenos
 11755 | D:12     | Killed a catoblepas
 11820 | D:12     | Bought a Trismegistus Codex for 338 gold pieces
 11826 | D:12     | Learned a level 5 spell: Freezing Cloud
 11862 | D:12     | Noticed Nergalle
 11880 | D:12     | Killed Nergalle
 11881 | D:12     | Reached skill level 1 in Conjurations
 11881 | D:12     | Reached skill level 1 in Air Magic
 12182 | D:12     | Upgraded the game from 0.31-a0-846-gb3bcc0d938 to
                  | 0.31-a0-848-gaac375c287
 12427 | D:$      | Got out of the dungeon alive.

Illustrated notes

Levels and vault maps discovered:
D:1:      matt_arrival_los_fun, layout_basic
D:2:      layout_basic, interstate_on_off
D:3:      layout_rooms, serial_shops, shop
D:4:      layout_cave_pools, dk_noncrumbling_3, st_stairs_3, nrook_uturn,
          nicolae_figureground_pulse
D:5:      layout_basic, lemuel_crystal_altar, minmay_temple_entry_arrows
D:6:      layout_gridville, nicolae_overflow_squiral
D:7:      layout_basic, minmay_misc_feat_rows, hellmonk_no_cap,
          uniq_prince_ribbit1
D:8:      layout_gridville, enter_ossuary_2, columned_hall_lemuel
D:9:      layout_irregular_city, elyvilon_altar_5, uniq_psyche
D:10:     layout_cave_pools, mainiacjoe_overflow_alcove_2
D:11:     layout_cave_pods, erik_lair_dragon, serial_shops, shop,
          fedhas_ov_isle_minmay
D:12:     layout_basic, erik_orc_4, serial_shops, shop_statue, uniq_rupert,
          uniq_nergalle
Temple:   hellmonk_temple_divided_pantheon

Skill      XL: |  1  2  3  4  5  6  7  8  9 10 11 12 |
---------------+-------------------------------------+-----
Ice Magic      | 4 5 6 7 8 |  8.5
Spellcasting   | 3 5 6 8 9 |  9.0
Fighting       | 1 7 9 10 | 10.4
Summonings     | 2 5 |  5.0
Dodging        | 6 10 11 | 11.2
Stealth        | 4 5 |  5.9
Conjurations   | 2 |  2.4
Air Magic      | 2 |  2.4

Action                     |  1- 3 |  4- 6 |  7- 9 | 10-12 || total
---------------------------+-------+-------+-------+-------++-------
  Melee: Unarmed           |     4 |       |       |       ||     4
         Dagger            |     4 |       |       |       ||     4
         Long sword        |       |    33 |   108 |   203 ||   344
         Kick              |       |     4 |    22 |    78 ||   104
         Peck              |       |     2 |    18 |    52 ||    72
         Punch             |       |       |       |     5 ||     5
  Throw: Dart              |       |       |       |     9 ||     9
   Cast: Freeze            |    54 |    56 |    36 |    35 ||   181
         Frozen Ramparts   |       |     8 |    27 |    37 ||    72
         Ozocubu's Armour  |       |       |     3 |    10 ||    13
         Summon Ice Beast  |       |       |     3 |     8 ||    11
  Evoke: Wand              |       |       |       |     2 ||     2
    Use: Scroll            |       |     3 |     6 |     7 ||    16
         Potion            |       |     1 |     3 |     1 ||     5
   Stab: Sleeping          |     1 |     7 |     6 |     8 ||    22
 Armour: Robe              |    21 |    29 |    21 |       ||    71
         Steam dragon scal |       |       |    23 |    83 ||   106
  Dodge: Dodged            |    37 |    35 |    87 |   262 ||   421
  Block: Other             |       |     3 |    37 |    66 ||   106
         Reflection        |       |     1 |       |     6 ||     7

Table legend: (Time is in decaauts)
 A = Elapsed time spent in this place.
 B = Non-inter-level travel time spent in this place.
 C = Inter-level travel time spent in this place.
 D = Time resting spent in this place.
 E = Time spent auto-exploring this place.
 F = Levels seen in this place.
 G = Mean time per level.
                   A        B        C        D        E       F      G
               +--------+--------+--------+--------+--------+-----+--------+
         Total |  12575 |  11953 |    622 |   1402 |   6959 |  14 |  898.2 |
       Dungeon |  12252 |  11630 |    622 |   1371 |   6828 |  12 | 1021.0 |
        Temple |     46 |     46 |      0 |      0 |     16 |   1 |   46.0 |
       Ossuary |    276 |    276 |      0 |     31 |    115 |   1 |  276.0 |
               +--------+--------+--------+--------+--------+-----+--------+

Top non-repeatable levels by time:
     D:1: 1373 daAuts
     D:9: 1256 daAuts
    D:11: 1235 daAuts
    D:12: 1234 daAuts
     D:7: 1085 daAuts
     D:6: 1083 daAuts
     D:8: 1005 daAuts
     D:4: 920 daAuts
     D:2: 898 daAuts
     D:5: 836 daAuts
     D:3: 670 daAuts
    D:10: 653 daAuts
 Ossuary: 276 daAuts
  Temple: 46 daAuts
